[Event "Titled Tuesday Blitz July 4 Late 2023"]
[White "De Prado Rodriguez, Oscar Bruno"]
[Black "Bordi, Kevin"]
[WhiteFideId "2203600"]
[BlackFideId "621862"]
[WhiteElo "2578"]
[BlackElo "2874"]
[Result "1-0"]
[Round "4"]
[TimeControl "180+2"]
[Date "2023.07.04"]
[WhiteClock "0:00:38"]
[BlackClock "0:00:01"]
[Board "27"]

1. d4 d5 2. Bf4 c5 3. e3 Nc6 4. c3 Nf6 5. Nd2 e6 6. Ngf3 Nh5 7. Bg5 f6 8. Bh4 g6 9. Bd3 cxd4 10. exd4 Nf4 11. Bf1 Bd6 12. g3 Nh5 13. Bg2 Ng7 14. g4 O-O 15. Qe2 Bd7 16. O-O Qc7 17. Bg3 e5 18. dxe5 fxe5 19. Ng5 e4 20. c4 Nd4 21. Qd1 h6 22. Nh3 Nf3+ 23. Nxf3 exf3 24. Bxf3 Bxg3 25. hxg3 dxc4 26. Rc1 Rad8 27. Rxc4 Qxc4 28. Bd5+ Be6 29. Bxc4 Bxc4 30. Qc2 Bxf1 31. Kxf1 g5 32. Qg6 Rd2 33. Qxh6 Rxb2 34. Qxg5 a6 35. a4 b5 36. axb5 Rxb5 37. Qh6 Rb2 38. Qxa6 Rfb8 39. Ng5 R2b6 40. Qc4+ Kh8 41. Qe4 Kg8 42. Qh7+ Kf8 43. Qh8+ 1-0


[Site "https://www.chess.com"]

[Event "Titled Tuesday Blitz July 4 Late 2023"]
[White "Tikhonov, Viacheslav"]
[Black "Grigoriants, Sergey"]
[WhiteFideId "44196407"]
[BlackFideId "4130804"]
[WhiteElo "2555"]
[BlackElo "2848"]
[Result "0-1"]
[Round "4"]
[TimeControl "180+2"]
[Date "2023.07.04"]
[WhiteClock "0:00:00"]
[BlackClock "0:00:09"]
[Board "28"]

1. d4 Nf6 2. c4 g6 3. Nc3 Bg7 4. e4 d6 5. Be2 O-O 6. h4 c5 7. d5 h5 8. Bg5 b5 9. cxb5 a6 10. bxa6 Bxa6 11. Nf3 Nbd7 12. O-O Ng4 13. Bxa6 Rxa6 14. Qc2 Re8 15. a4 Qb6 16. Nb5 Kf8 17. Nd2 Nde5 18. Ra3 Rea8 19. b3 Ra5 20. Ra2 Qa6 21. Nc7 Qe2 22. Nxa8 Rxa8 23. Nc4 Nf3+ 24. gxf3 Qxf3 25. Ne3 Be5 26. Re1 Qh3 27. f4 Nxe3 28. Qh2 Qg4+ 29. Kf2 Bd4 30. Rxe3 Rb8 31. Bh6+ Kg8 32. Ra3 c4 33. Qg3 Qd1 34. b4 Rxb4 35. Kg2 Rb2+ 36. Kh3 Qh1+ 0-1


[Site "https://www.chess.com"]

[Event "Titled Tuesday Blitz July 4 Late 2023"]
[White "Pranav, V"]
[Black "Ozates, Tuna"]
[WhiteFideId "25060783"]
[BlackFideId "6354521"]
[WhiteElo "2987"]
[BlackElo "2565"]
[Result "1-0"]
[Round "4"]
[TimeControl "180+2"]
[Date "2023.07.04"]
[WhiteClock "0:00:49"]
[BlackClock "0:00:01"]
[Board "29"]

1. e4 c5 2. Nf3 Nc6 3. Bb5 g6 4. O-O Bg7 5. c3 Nf6 6. Re1 O-O 7. d4 d5 8. e5 Ne4 9. Be3 cxd4 10. cxd4 f6 11. exf6 exf6 12. Nc3 Ne7 13. Rc1 a6 14. Ba4 h6 15. Bd2 f5 16. Bf4 Bd7 17. Bb3 Bc6 18. Ne5 g5 19. Nxe4 fxe4 20. Bg3 Kh7 21. f3 Nf5 22. Bf2 Bxe5 23. dxe5 exf3 24. Qxf3 d4 25. Rxc6 bxc6 26. Bc2 Ra7 27. Bxf5+ Kg7 28. e6 Qf6 29. g4 c5 30. Qd5 Rc7 31. Bg3 Kg8 1-0


[Site "https://www.chess.com"]

[Event "Titled Tuesday Blitz July 4 Late 2023"]
[White "He, Anthony"]
[Black "Jovic, Stanoje"]
[WhiteFideId "2088215"]
[BlackFideId "905020"]
[WhiteElo "2966"]
[BlackElo "2559"]
[Result "1/2-1/2"]
[Round "4"]
[TimeControl "180+2"]
[Date "2023.07.04"]
[WhiteClock "0:00:39"]
[BlackClock "0:00:09"]
[Board "30"]

1. d4 Nf6 2. Nc3 d5 3. Bf4 e6 4. Nb5 Bd6 5. Nxd6+ cxd6 6. c3 O-O 7. e3 Nc6 8. Nf3 Re8 9. Be2 e5 10. Bg5 h6 11. Bh4 Bg4 12. O-O e4 13. Nd2 Bxe2 14. Qxe2 a6 15. a4 Rc8 16. b4 g5 17. Bg3 Ne7 18. c4 Nf5 19. c5 a5 20. cxd6 axb4 21. Qb5 Nxd6 22. Qxb4 Nc4 23. Nb3 b6 24. h3 h5 25. Rfb1 h4 26. Be5 g4 27. hxg4 Nxg4 28. Bf4 Re6 29. Nd2 Rg6 30. Kf1 Qd7 31. Nxc4 Rxc4 32. Qb5 Qf5 33. a5 Rc2 34. Rb2 Rxb2 35. Qxb2 bxa5 36. Rxa5 h3 37. gxh3 Nh2+ 38. Ke2 Qxh3 39. Qb8+ Kh7 40. Bxh2 Qf3+ 41. Ke1 Qh1+ 42. Kd2 Qf1 43. Qb2 Qxf2+ 44. Kc3 Qxb2+ 45. Kxb2 Rg2+ 46. Kc3 Rxh2 47. Rxd5 Re2 48. Rh5+ Kg6 49. Rh3 f5 50. d5 Re1 51. Kd4 Kg5 52. Ke5 Kg4 53. Rh8 Rxe3 54. Rg8+ Kf3 55. Kxf5 Rd3 56. Rf8 e3 57. Ke5+ Ke2 58. d6 Kd2 59. Ra8 e2 60. Ra2+ Ke3 61. Rxe2+ Kxe2 62. Ke6 Ke3 63. d7 Ke4 64. Ke7 Ke5 65. d8=Q Rxd8 66. Kxd8 1/2-1/2


[Site "https://www.chess.com"]

[Event "Titled Tuesday Blitz July 4 Late 2023"]
[White "Przybylski, Wojciech"]
[Black "Makarian, Rudik"]
[WhiteFideId "1117599"]
[BlackFideId "44105681"]
[WhiteElo "2559"]
[BlackElo "2948"]
[Result "0-1"]
[Round "4"]
[TimeControl "180+2"]
[Date "2023.07.04"]
[WhiteClock "0:00:05"]
[BlackClock "0:00:15"]
[Board "31"]

1. e4 c5 2. Nf3 Nc6 3. Bb5 e6 4. O-O Nd4 5. Bd3 Nxf3+ 6. Qxf3 Ne7 7. Qg3 Nc6 8. c3 h5 9. f4 h4 10. Qh3 Be7 11. Bc2 c4 12. d4 cxd3 13. Bxd3 b6 14. Nd2 Bb7 15. Nf3 Qc7 16. Be3 Na5 17. Rae1 Nc4 18. Bc1 O-O-O 19. b3 Na5 20. b4 Nc6 21. Be3 Kb8 22. a4 d5 23. e5 d4 24. Nxd4 Nxd4 25. Bxd4 Bxb4 26. Be4 Rxd4 27. cxd4 Bxe1 28. Bxb7 Qxb7 29. Rxe1 Qd5 30. Rd1 Qc4 31. Qa3 h3 32. gxh3 Rd8 33. a5 Rxd4 34. Rc1 Qb4 35. Qxb4 Rxb4 36. axb6 axb6 37. Rd1 Rxf4 38. Rd7 g6 39. Kg2 b5 40. Kg3 Rf5 41. h4 Rxe5 42. Rxf7 b4 43. Rf3 Rb5 44. Rb3 Kc7 45. Kg4 Kb6 46. Kf4 Ka5 47. Ke4 Ka4 48. Rb1 b3 49. Kd3 b2 50. Kc2 Ka3 51. h5 Rc5+ 52. Kd3 gxh5 53. Kd4 Rc1 54. Rxb2 Kxb2 55. Ke5 Re1+ 56. Kf4 Kc3 57. h4 Kd2 58. Kg5 e5 59. Kxh5 e4 60. Kg4 e3 61. h5 e2 62. h6 Rg1+ 63. Kh5 e1=Q 64. h7 Qe5+ 65. Kh4 Qh2# 0-1


[Site "https://www.chess.com"]

[Event "Titled Tuesday Blitz July 4 Late 2023"]
[White "Siniauski, Artsiom"]
[Black "Svane, Rasmus"]
[WhiteFideId "13512269"]
[BlackFideId "4657101"]
[WhiteElo "2558"]
[BlackElo "2935"]
[Result "0-1"]
[Round "4"]
[TimeControl "180+2"]
[Date "2023.07.04"]
[WhiteClock "0:00:03"]
[BlackClock "0:00:35"]
[Board "32"]

1. e4 c6 2. d4 d5 3. e5 Bf5 4. h4 h5 5. c4 e6 6. Nc3 Ne7 7. Nge2 Nd7 8. Ng3 Bg6 9. Bg5 Qb6 10. Rc1 Qxb2 11. Bd3 dxc4 12. Bxc4 Nb6 13. Bb3 Ned5 14. Nxd5 Nxd5 15. O-O Qa3 16. Bxd5 exd5 17. Kh2 Be7 18. Qd2 Bxg5 19. Qxg5 Qe7 20. Qxe7+ Kxe7 21. f4 Bd3 22. Rf3 Bc4 23. a3 b5 24. Nf5+ Kf8 25. Nd6 Ke7 26. f5 f6 27. Rg3 Rhg8 28. Nb7 g6 29. fxg6 fxe5 30. dxe5 Rg7 31. Nd6 Ke6 32. Rg5 Rag8 33. Nf5 Rxg6 34. Nd4+ Kd7 35. Rxg6 Rxg6 36. Rc3 c5 37. Nf5 d4 38. Rf3 Ke6 39. Ng3 Kxe5 40. Rf5+ Kd6 41. Nxh5 d3 42. Rf2 Rg4 43. g3 Rd4 44. Rd2 Bf7 45. Nf4 c4 46. h5 Bg8 47. Ne2 dxe2 48. Rxd4+ Bd5 0-1


[Site "https://www.chess.com"]

[Event "Titled Tuesday Blitz July 4 Late 2023"]
[White "Eljanov, Pavel"]
[Black "Sousa, Andre Ventura"]
[WhiteFideId "14102951"]
[BlackFideId "1917617"]
[WhiteElo "2920"]
[BlackElo "2556"]
[Result "0-1"]
[Round "4"]
[TimeControl "180+2"]
[Date "2023.07.04"]
[WhiteClock "0:00:00"]
[BlackClock "0:00:17"]
[Board "33"]

1. d4 Nf6 2. Nf3 e6 3. Bf4 c5 4. e3 Nc6 5. Nbd2 h6 6. h3 d5 7. c3 Bd6 8. Ne5 Qc7 9. Ndf3 Nd7 10. Nd3 Bxf4 11. Nxf4 cxd4 12. cxd4 O-O 13. Bd3 e5 14. Nxd5 Qa5+ 15. Nc3 exd4 16. exd4 Re8+ 17. Be2 Qb4 18. Qd2 Nf6 19. O-O Bf5 20. a3 Qb3 21. d5 Rad8 22. Rad1 Ne4 23. Nxe4 Bxe4 24. d6 Re6 25. Qf4 Bxf3 26. Bxf3 Qxb2 27. Rfe1 Rdxd6 28. Rxe6 Rxd1+ 29. Bxd1 fxe6 30. Bg4 Qa1+ 31. Kh2 Qf6 32. Qxf6 gxf6 33. Bxe6+ Kf8 34. Kg3 Ke7 35. Bd5 Kd6 36. Be4 Ke5 0-1


[Site "https://www.chess.com"]

[Event "Titled Tuesday Blitz July 4 Late 2023"]
[White "Ismagilov, Damir"]
[Black "Erdogmus, Yagiz Kaan"]
[WhiteFideId "34199982"]
[BlackFideId "44599790"]
[WhiteElo "2554"]
[BlackElo "2878"]
[Result "0-1"]
[Round "4"]
[TimeControl "180+2"]
[Date "2023.07.04"]
[WhiteClock "0:00:03"]
[BlackClock "0:00:14"]
[Board "34"]

1. d4 Nf6 2. Bf4 d6 3. Nc3 Nbd7 4. Nf3 c5 5. e3 Qb6 6. Rb1 e6 7. h3 Be7 8. Bc4 d5 9. Bd3 c4 10. Be2 Bb4 11. Kf1 Bxc3 12. bxc3 Qa5 13. Bd6 Ne4 14. Bb4 Qc7 15. Qe1 b6 16. Nd2 a5 17. Nxe4 axb4 18. Ng3 bxc3 19. Qxc3 Rxa2 20. f4 O-O 21. Kf2 Bb7 22. Ra1 Rfa8 23. Rxa2 Rxa2 24. Ra1 Ra5 25. Bf3 Bc6 26. Ne2 Qa7 27. Rb1 h6 28. g4 Qc7 29. Qd2 Qd8 30. Ng3 b5 31. e4 Ra3 32. Qb4 Qa5 33. Qe7 Qc3 34. Qd8+ Nf8 35. Ne2 Qxf3+ 36. Ke1 Re3 37. Kd1 Qxe2+ 38. Kc1 Rc3 39. Qxf8+ Kxf8 40. Kb2 Qxc2+ 41. Ka1 Ra3# 0-1


[Site "https://www.chess.com"]

[Event "Titled Tuesday Blitz July 4 Late 2023"]
[White "Ibarra Jerez, Jose Carlos"]
[Black "D`Arruda, Ricardo D."]
[WhiteFideId "2226332"]
[BlackFideId "100692"]
[WhiteElo "2869"]
[BlackElo "2554"]
[Result "0-1"]
[Round "4"]
[TimeControl "180+2"]
[Date "2023.07.04"]
[WhiteClock "0:00:00"]
[BlackClock "0:00:23"]
[Board "35"]

1. e4 c5 2. Nf3 Nc6 3. Nc3 e6 4. d4 cxd4 5. Nxd4 d6 6. Be3 Bd7 7. Qd2 a6 8. O-O-O Qc7 9. Kb1 Be7 10. g4 O-O-O 11. f4 Kb8 12. Nb3 h6 13. Qf2 Qc8 14. Na4 Nf6 15. Qf3 g5 16. Nb6 Qc7 17. Nxd7+ Rxd7 18. fxg5 Ne5 19. Qg3 Nfxg4 20. gxh6 Nxe3 21. Qxe3 Ng4 22. Qf3 Nxh6 23. Nd4 Qb6 24. Be2 Rc8 25. h4 Bf8 26. Rd3 Rdc7 27. Rhd1 e5 28. Rb3 Qa5 29. Nf5 Nxf5 30. Qxf5 Rxc2 31. Qf3 Qc5 32. a3 Bh6 33. Bxa6 Rc7 34. Qxf7 Rxf7 35. Bd3 Rc1+ 36. Rxc1 Qxc1+ 37. Ka2 Rf3 38. Rc3 Qxc3 0-1


[Site "https://www.chess.com"]

[Event "Titled Tuesday Blitz July 4 Late 2023"]
[White "Ter-Sahakyan, Samvel"]
[Black "ArtemDyachuk"]
[WhiteFideId "13302531"]
[WhiteElo "2862"]
[BlackElo "2553"]
[Result "1-0"]
[Round "4"]
[TimeControl "180+2"]
[Date "2023.07.04"]
[WhiteClock "0:00:45"]
[BlackClock "0:00:01"]
[Board "36"]

1. d4 Nf6 2. c4 e6 3. Nc3 c5 4. d5 exd5 5. cxd5 d6 6. e4 g6 7. f4 Bg7 8. Bb5+ Nfd7 9. a4 O-O 10. Nf3 Na6 11. O-O Nb4 12. Re1 Nf6 13. h3 a6 14. Bd3 Nxd3 15. Qxd3 Bd7 16. e5 Bf5 17. Qd1 dxe5 18. fxe5 Ne8 19. Bf4 Qb6 20. Qd2 Nc7 21. Bh6 Rad8 22. a5 Qb3 23. Ra3 Qc4 24. Ra4 Qb3 25. Rh4 Qc2 26. Qf4 f6 27. Bxg7 g5 28. Nxg5 Kxg7 29. exf6+ Kg6 30. Nge4 Rg8 31. Re2 Qd3 32. Rh6+ Kf7 33. Qxf5 Qd4+ 34. Kh1 Nxd5 35. Rxh7+ Kf8 36. Ng5 Nxf6 37. Rf7# 1-0


[Site "https://www.chess.com"]

[Event "Titled Tuesday Blitz July 4 Late 2023"]
[White "Elsa167"]
[Black "Storme, Isak"]
[BlackFideId "1728113"]
[WhiteElo "2855"]
[BlackElo "2553"]
[Result "1-0"]
[Round "4"]
[TimeControl "180+2"]
[Date "2023.07.04"]
[WhiteClock "0:00:20"]
[BlackClock "0:00:06"]
[Board "37"]

1. d4 d5 2. c4 c6 3. cxd5 cxd5 4. Bf4 Nf6 5. e3 Nc6 6. Nc3 Bf5 7. Qb3 Na5 8. Qa4+ Bd7 9. Qc2 e6 10. Bd3 Rc8 11. Nf3 Be7 12. h3 O-O 13. O-O b5 14. a3 Nc4 15. Ne5 Nxe5 16. Bxe5 h6 17. Qe2 a6 18. a4 b4 19. Nb1 a5 20. Nd2 Qb6 21. Nb3 Ne4 22. Bb5 Bxb5 23. Qxb5 Qxb5 24. axb5 f6 25. Bh2 Bd6 26. Nxa5 Bxh2+ 27. Kxh2 Rb8 28. Nb3 Rxb5 29. Ra6 Re8 30. f3 Ng5 31. Rc1 Rb7 32. Rcc6 e5 33. dxe5 fxe5 34. Rd6 Rc7 35. h4 Nxf3+ 36. gxf3 Rc2+ 37. Kg3 Rxb2 38. Nc5 e4 39. fxe4 dxe4 40. Re6 Rxe6 41. Rxe6 Rc2 42. Nxe4 b3 43. Rb6 b2 44. h5 Kf7 45. Rb7+ Ke6 46. Nf2 Kf5 47. Nd3 Rc3 48. Rb5+ Kf6 49. Nf4 Rxe3+ 50. Kg4 Re1 51. Rb6+ Kf7 52. Rxb2 Rg1+ 53. Kf5 Rg5+ 54. Ke4 Ra5 55. Rb7+ Kf6 56. Rb6+ Kf7 57. Nd5 Ra1 58. Kf5 Rg1 59. Rb7+ Kg8 60. Nf4 Kf8 61. Ng6+ Ke8 62. Rxg7 Rg5+ 63. Ke6 Rxh5 64. Rg8# 1-0


[Site "https://www.chess.com"]

[Event "Titled Tuesday Blitz July 4 Late 2023"]
[White "Hamidi, Amir Mohammad"]
[Black "Shubenkova, Veronika"]
[WhiteFideId "12563285"]
[BlackFideId "44124040"]
[WhiteElo "2794"]
[BlackElo "2550"]
[Result "1-0"]
[Round "4"]
[TimeControl "180+2"]
[Date "2023.07.04"]
[WhiteClock "0:00:24"]
[BlackClock "0:00:03"]
[Board "38"]

1. d4 d5 2. c4 e6 3. Nc3 Nf6 4. Bg5 Be7 5. e3 c6 6. Nf3 O-O 7. Qc2 Nbd7 8. Rc1 Re8 9. Bd3 dxc4 10. Bxc4 b5 11. Bd3 Bb7 12. O-O a6 13. Bxf6 Nxf6 14. Ne4 h6 15. Ne5 Rc8 16. Nc5 Bxc5 17. Qxc5 Nd7 18. Nxd7 Qxd7 19. Be4 Qe7 20. Qb6 Qc7 21. Qxc7 Rxc7 22. Rc5 Rec8 23. Rfc1 Kf8 24. f4 Ke7 25. Kf2 Kd6 26. Bf3 f5 27. a4 g5 28. g3 Rg8 29. Ra1 gxf4 30. gxf4 Rgg7 31. a5 Rg8 32. Rac1 Rgg7 33. Re5 Rg8 34. Rcc5 Rcg7 35. Rc1 Rc7 36. Rec5 Rgg7 37. b4 Rg8 38. R5c2 Rg6 39. Rg1 Rxg1 40. Kxg1 Rg7+ 41. Kf2 Rg8 42. Rc1 Rg7 43. Rf1 Bc8 44. Bh5 Kd5 45. Rc1 Bd7 46. Rc5+ Kd6 47. Bf3 Rg8 48. Rc1 Rg7 49. Be2 Be8 50. Bd3 Rg4 51. Be2 Rg7 52. Bf3 Rg8 53. e4 fxe4 54. Bxe4 Rg4 55. Kf3 Rg7 56. Ke3 Rg4 57. h3 Rg3+ 58. Kf2 Rxh3 59. Bf3 h5 60. Kg2 Rxf3 61. Kxf3 Kd5 62. Ke3 Bg6 63. Rc5+ Kd6 64. Rg5 Bf7 65. Rg7 Ke7 66. Rh7 Kf8 67. Rh8+ Kg7 68. Ra8 h4 69. Rxa6 Bh5 70. Rxc6 h3 71. Rc2 1-0


[Site "https://www.chess.com"]

[Event "Titled Tuesday Blitz July 4 Late 2023"]
[White "Tristan, Leonardo"]
[Black "Besedes, Danilo"]
[WhiteFideId "113816"]
[BlackFideId "946796"]
[WhiteElo "2776"]
[BlackElo "2549"]
[Result "1-0"]
[Round "4"]
[TimeControl "180+2"]
[Date "2023.07.04"]
[WhiteClock "0:00:48"]
[BlackClock "0:00:00"]
[Board "39"]

1. d4 d6 2. e4 Nf6 3. Nc3 Nbd7 4. g4 e5 5. g5 Ng8 6. f4 exd4 7. Qxd4 Ne7 8. Nf3 Nc6 9. Qe3 Nc5 10. Bd2 Bg4 11. Bg2 Qd7 12. O-O-O O-O-O 13. h3 Bxf3 14. Bxf3 Kb8 15. Bg4 Qe8 16. Rhe1 h6 17. h4 hxg5 18. hxg5 g6 19. Nd5 Bg7 20. e5 Ne6 21. Nf6 Bxf6 22. exf6 Nc5 23. Qf3 Qf8 24. Qd5 Nd7 25. Be3 Nb6 26. Bxb6 axb6 27. Bf3 Re8 28. Qb5 Rxe1 29. Rxe1 Nd4 30. Qd5 Nxf3 31. Qxf3 Qc8 32. f5 gxf5 33. Re7 Rg8 34. Qf4 Rf8 35. a4 Ka7 36. b3 Kb8 37. Kb2 Ka7 38. Qc4 Kb8 39. Rxf7 Rxf7 40. Qxf7 f4 41. Qe7 Qh8 42. g6 f3 43. g7 Qh4 44. g8=Q+ Ka7 45. Qxc7 Qd4+ 46. Ka2 1-0


[Site "https://www.chess.com"]

[Event "Titled Tuesday Blitz July 4 Late 2023"]
[White "Morefield, Jason"]
[Black "Gasparyan, David"]
[WhiteFideId "30920825"]
[BlackFideId "13311980"]
[WhiteElo "2755"]
[BlackElo "2547"]
[Result "1-0"]
[Round "4"]
[TimeControl "180+2"]
[Date "2023.07.04"]
[WhiteClock "0:00:03"]
[BlackClock "0:00:01"]
[Board "40"]

1. e4 c5 2. Nf3 Nc6 3. Bb5 Qb6 4. Bxc6 dxc6 5. O-O g6 6. a4 a5 7. Na3 Qc7 8. d3 Bg7 9. Re1 Nf6 10. e5 Nd5 11. Nc4 b5 12. axb5 cxb5 13. Nd6+ Kf8 14. Nxb5 Qb6 15. c4 Nb4 16. Ng5 Bb7 17. Be3 Bxe5 18. d4 cxd4 19. Nxd4 Qf6 20. f4 Bd6 21. c5 Bc7 22. Nde6+ fxe6 23. Bd4 e5 24. Rxe5 Bxe5 25. Bxe5 Qc6 26. Qg4 Qxg2+ 27. Qxg2 Bxg2 28. Bxh8 Bd5 29. Bc3 Rc8 30. Rxa5 Nd3 31. b4 Nxf4 32. Bd2 Ne2+ 33. Kf2 Nd4 34. Nxh7+ Ke8 35. Ng5 Nb3 36. Ra2 Nxc5 37. Ra5 Nd3+ 38. Ke3 Bc4 39. Ra7 Ne5 40. h3 Rd8 41. Ne4 Rd3+ 42. Kf4 Nc6 43. Ra8+ Kf7 44. Bc3 e6 45. Ng5+ Ke7 46. Bg7 Nxb4 47. Ra7+ Kd6 48. Bf8+ Kd5 49. Bxb4 Rd4+ 50. Ke3 Rd3+ 51. Kf2 Rb3 52. Ra5+ Kc6 53. Bd2 Bd5 54. Be3 Rb2+ 55. Kg3 Re2 56. Bf2 Rc2 57. Ra3 Kd7 58. h4 Ke7 59. Re3 Rc4 60. Be1 Kf6 61. Bc3+ Kf5 62. Re5+ Kf6 63. Rxe6+ Kf5 64. Rf6# 1-0


[Site "https://www.chess.com"]

[Event "Titled Tuesday Blitz July 4 Late 2023"]
[White "Plat, Vojtech"]
[Black "Tomb, Maroun"]
[WhiteFideId "325740"]
[BlackFideId "5300398"]
[WhiteElo "2751"]
[BlackElo "2546"]
[Result "1-0"]
[Round "4"]
[TimeControl "180+2"]
[Date "2023.07.04"]
[WhiteClock "0:01:49"]
[BlackClock "0:00:16"]
[Board "41"]

1. e4 d6 2. Nf3 Nf6 3. Nc3 e5 4. d4 Nbd7 5. Bc4 Be7 6. O-O c6 7. a4 Qc7 8. a5 h6 9. Re1 Nf8 10. d5 Ng6 11. Bb3 O-O 12. a6 c5 13. axb7 Qxb7 14. Ba4 Bd7 15. Bxd7 Nxd7 16. Nd2 f5 17. exf5 Rxf5 18. Qg4 Nh4 19. Nde4 h5 20. Qh3 Raf8 21. Be3 g5 22. Nxg5 Rxg5 23. Bxg5 Bxg5 24. Ne4 Be7 25. Ra3 Nf5 26. Qxh5 Qxb2 27. Rh3 Ng7 28. Qh7+ Kf7 29. Rg3 Rg8 30. Qg6+ Kf8 31. Rf3+ Bf6 32. Nxf6 Nxf6 33. Qxf6+ 1-0


[Site "https://www.chess.com"]

[Event "Titled Tuesday Blitz July 4 Late 2023"]
[White "Fernandez Guillen, Ernesto J."]
[Black "Fiol, Fabrice"]
[WhiteFideId "3512428"]
[BlackFideId "611670"]
[WhiteElo "2729"]
[BlackElo "2544"]
[Result "1-0"]
[Round "4"]
[TimeControl "180+2"]
[Date "2023.07.04"]
[WhiteClock "0:01:01"]
[BlackClock "0:00:02"]
[Board "42"]

1. e4 c5 2. Nf3 e6 3. d4 cxd4 4. Nxd4 a6 5. Bd3 Nc6 6. Nb3 Nf6 7. f4 d5 8. e5 Nd7 9. Be3 b5 10. N1d2 Bb7 11. Nf3 Rc8 12. a3 Be7 13. c3 Na5 14. Nxa5 Qxa5 15. O-O g6 16. Nd4 O-O 17. Kh1 Qd8 18. Qg4 Nc5 19. Bc2 Ne4 20. Rad1 h5 21. Qh3 Qe8 22. f5 exf5 23. Nxf5 Rc6 24. Nh6+ Kh7 25. Rxd5 Bc8 26. Nf5 Bxf5 27. Rxf5 gxf5 28. Qxf5+ Kg8 29. Bxe4 Rg6 30. Qxh5 Bd8 31. Rd6 Bc7 32. Rxg6+ fxg6 33. Bd5+ Kg7 34. Qh6# 1-0


[Site "https://www.chess.com"]

[Event "Titled Tuesday Blitz July 4 Late 2023"]
[White "Rottenwohrer Suarez, Juan"]
[Black "Wieczorek, Oskar"]
[WhiteFideId "32068182"]
[BlackFideId "1133950"]
[WhiteElo "2535"]
[BlackElo "2720"]
[Result "0-1"]
[Round "4"]
[TimeControl "180+2"]
[Date "2023.07.04"]
[WhiteClock "0:00:00"]
[BlackClock "0:00:07"]
[Board "43"]

1. Nf3 Nf6 2. g3 b6 3. Bg2 Bb7 4. O-O e6 5. b3 Be7 6. Bb2 O-O 7. c4 d5 8. d3 c5 9. cxd5 exd5 10. d4 Nc6 11. Nc3 Rc8 12. Rc1 Ba6 13. dxc5 bxc5 14. Na4 c4 15. Ne5 Nb4 16. bxc4 dxc4 17. a3 Nbd5 18. Nc3 Nxc3 19. Rxc3 Qb6 20. Qc2 Rc5 21. Re3 Rfc8 22. Bd4 Qa5 23. Bxc5 Bxc5 24. Nc6 Rxc6 25. Bxc6 Bxe3 26. fxe3 Qc5 27. Qa4 Qxe3+ 28. Kh1 Qxe2 29. Rc1 Ng4 30. Qc2 Qxc2 31. Rxc2 Kf8 32. Kg1 Ne5 33. Be4 g6 34. Kf2 Ke7 35. Ke3 Kd6 36. Kd4 Bc8 37. Rb2 f5 38. Bg2 h5 39. Rb8 Bd7 40. Rb1 g5 41. Rb7 f4 42. gxf4 gxf4 43. Rxa7 f3 44. Bf1 Nc6+ 45. Kxc4 Nxa7 46. Kd3 Ke5 47. Ke3 Bb5 48. Bxb5 Nxb5 49. a4 Nd4 50. a5 Kd6 0-1


[Site "https://www.chess.com"]

[Event "Titled Tuesday Blitz July 4 Late 2023"]
[White "Ashraf, Artin"]
[Black "WindWhistler11"]
[WhiteFideId "22514805"]
[WhiteElo "2715"]
[BlackElo "2534"]
[Result "1-0"]
[Round "4"]
[TimeControl "180+2"]
[Date "2023.07.04"]
[WhiteClock "0:00:06"]
[BlackClock "0:00:12"]
[Board "44"]

1. Nf3 f5 2. g3 Nf6 3. Bg2 g6 4. O-O Bg7 5. d3 O-O 6. e4 d6 7. exf5 Bxf5 8. d4 c6 9. Re1 Na6 10. c3 Qd7 11. Nbd2 Rae8 12. Ng5 e5 13. dxe5 Ng4 14. e6 Bxe6 15. Nxe6 Rxe6 16. Nf3 Nc5 17. Rxe6 Qxe6 18. h3 Nf6 19. Be3 Nce4 20. Nd4 Qe7 21. Qb3+ Kh8 22. Ne6 Re8 23. Nxg7 Kxg7 24. Re1 Qf7 25. Qxf7+ Kxf7 26. Bxa7 c5 27. Bb6 Nd2 28. Rxe8 Nxe8 29. Bxb7 Nc4 30. Bd5+ Ke7 31. Bxc4 Nf6 32. Bd3 Kd7 33. Ba5 Kc6 34. c4 Nd7 35. Be4+ d5 36. Bxd5+ Kd6 37. Bd2 Ne5 38. Bf4 g5 39. Bxg5 Ng6 40. h4 Kd7 41. h5 Ne5 42. Bf4 Nd3 43. b3 Nb4 44. a4 Na6 45. a5 Nb4 46. Bb7 Ke6 47. a6 Nxa6 48. Bxa6 Kf5 49. f3 1-0


[Site "https://www.chess.com"]

[Event "Titled Tuesday Blitz July 4 Late 2023"]
[White "Prem, Pranav"]
[Black "Kushko, Dmitriy"]
[WhiteFideId "30901057"]
[BlackFideId "14162261"]
[WhiteElo "2534"]
[BlackElo "2712"]
[Result "1/2-1/2"]
[Round "4"]
[TimeControl "180+2"]
[Date "2023.07.04"]
[WhiteClock "0:00:07"]
[BlackClock "0:00:05"]
[Board "45"]

1. d4 g6 2. c4 Bg7 3. Nf3 d6 4. Nc3 e5 5. d5 a5 6. e4 Na6 7. Be2 Ne7 8. O-O O-O 9. a3 Nc5 10. b3 f5 11. Nd2 Bh6 12. Qc2 Kg7 13. Rb1 Ng8 14. b4 axb4 15. axb4 Nxe4 16. Ndxe4 fxe4 17. Nxe4 Bf5 18. Bb2 Nf6 19. Bd3 Kg8 20. Rbe1 Nh5 21. c5 Nf4 22. Bc4 Qh4 23. f3 Qe7 24. Ra1 Kh8 25. Kh1 Bg7 26. Bc3 Nh5 27. Qb2 Rxa1 28. Rxa1 Bxe4 29. fxe4 dxc5 30. Re1 b6 31. Qd2 Qh4 32. Kg1 Nf6 33. Bxe5 Nxe4 34. Bxg7+ Kxg7 35. Qe2 Nd6 36. bxc5 bxc5 37. Bd3 c4 38. Bc2 Rf7 39. Qe5+ Qf6 40. g3 Qxe5 41. Rxe5 Kf6 42. Re6+ Kg7 43. Kg2 Rf8 44. Re7+ Rf7 45. Re6 Kf8 46. h3 Re7 47. Rf6+ Kg7 48. Rf2 Re5 49. Rd2 Re3 50. Kf2 Ra3 51. Re2 c3 52. Re7+ Kf6 53. Rxc7 Nb5 54. Rc6+ Ke5 55. Ke3 Kxd5 56. Be4+ Ke5 57. Rc5+ Kd6 58. Rxb5 c2+ 59. Kd2 Rxg3 60. Bxc2 Rxh3 61. Bd3 Ke6 62. Rb6+ Kf7 63. Be2 h5 64. Ke1 Rg3 65. Kf2 h4 66. Bf3 g5 67. Rc6 Kg7 68. Rd6 Kf7 69. Rc6 Kg7 70. Rd6 Kf7 71. Rc6 1/2-1/2


[Site "https://www.chess.com"]

[Event "Titled Tuesday Blitz July 4 Late 2023"]
[White "Jaracz, Pawel"]
[Black "Hajiyev, Kanan"]
[WhiteFideId "1102222"]
[BlackFideId "13404148"]
[WhiteElo "2708"]
[BlackElo "2532"]
[Result "1-0"]
[Round "4"]
[TimeControl "180+2"]
[Date "2023.07.04"]
[WhiteClock "0:00:19"]
[BlackClock "0:00:00"]
[Board "46"]

1. d4 d5 2. c4 c6 3. Nc3 Nf6 4. e3 Bf5 5. cxd5 cxd5 6. Qb3 Bc8 7. Bb5+ Nc6 8. Nf3 e6 9. Bxc6+ bxc6 10. Qa4 Bd7 11. Ne5 Qc7 12. Bd2 Bd6 13. Nxd7 Qxd7 14. Rc1 O-O 15. Qa6 Rfb8 16. Na4 Ne4 17. Qxc6 Qe7 18. Qc2 Nxd2 19. Qxd2 Qb7 20. O-O Bb4 21. Qe2 g6 22. Rc2 a5 23. Rfc1 Bd6 24. g3 Qe7 25. b3 Ba3 26. Rc7 Qf6 27. R1c6 h5 28. h4 Bb4 29. Kg2 Re8 30. Qf3 Qxf3+ 31. Kxf3 Re7 32. Rc8+ Rxc8 33. Rxc8+ Kg7 34. Ke2 Kf6 35. Nc5 Kf5 36. Nd3 Kg4 37. Ne5+ Kf5 38. f3 Bd6 39. g4+ hxg4 40. fxg4+ Kf6 41. Nf3 Bb4 42. Kd3 Kg7 43. g5 Bd6 44. e4 dxe4+ 45. Kxe4 Bb4 46. Ne5 Bd6 47. Ng4 Rc7 48. Rxc7 Bxc7 49. Ne5 f5+ 50. gxf6+ Kxf6 51. a3 Bd6 52. Nc4 Bc7 53. b4 axb4 54. axb4 Bg3 55. b5 Bxh4 56. b6 Bg3 57. Ne5 g5 58. b7 Bf4 59. b8=Q 1-0


[Site "https://www.chess.com"]

[Event "Titled Tuesday Blitz July 4 Late 2023"]
[White "Pulvett Marin, Daniel Eduardo"]
[Black "Principe, Gerson"]
[WhiteFideId "3900410"]
[BlackFideId "3804550"]
[WhiteElo "2700"]
[BlackElo "2530"]
[Result "1-0"]
[Round "4"]
[TimeControl "180+2"]
[Date "2023.07.04"]
[WhiteClock "0:00:10"]
[BlackClock "0:00:00"]
[Board "47"]

1. e4 c5 2. Nf3 e6 3. d4 cxd4 4. Nxd4 Nf6 5. Nc3 Nc6 6. Nxc6 bxc6 7. e5 Nd5 8. Ne4 Qc7 9. f4 Qb6 10. c4 Bb4+ 11. Ke2 f5 12. Nf2 Ba6 13. Kf3 Ne7 14. Be3 Bc5 15. Bxc5 Qxc5 16. Qd6 Qxd6 17. exd6 Ng8 18. c5 Bxf1 19. Rhxf1 Nf6 20. Nd3 Ne4 21. Rfe1 Rb8 22. b4 Rb7 23. Ke3 Nc3 24. a3 Nd5+ 25. Kd4 Kf7 26. g3 Kf6 27. Ne5 Rg8 28. h4 g6 29. Rab1 a6 30. Nc4 h6 31. Rh1 Rgb8 32. Rbg1 Rg8 33. Rh2 Rb5 34. Rf2 Rb7 35. g4 Kf7 36. gxf5 exf5 37. Ne5+ Kf6 38. h5 g5 39. fxg5+ Rxg5 40. Rxg5 Kxg5 41. Nf7+ Kxh5 42. Ke5 Kg4 43. Nxh6+ Kg5 44. Nxf5 Rb8 45. Rg2+ Kh5 46. Ng7+ Kh4 47. Rg6 Rf8 48. Nf5+ Kh5 49. Rg7 Re8+ 50. Ne7 Rf8 51. Rg8 Nxe7 52. Rxf8 Ng6+ 53. Kf6 Nxf8 54. Ke7 Ne6 55. Kxd7 1-0


[Site "https://www.chess.com"]